 Dungeon Crawl Stone Soup version 0.31-a0-331-geda263fcf1 (webtiles) character file.

Game seed: 6063437439654476330

113 holysushi the Changeling (level 4, -1/6 (43) HPs)
             Began as an Octopode Shapeshifter on July 19, 2023.
             Slain by an orc wizard
             ... wielding a +0 dagger
              (3 damage)
             ... on level 3 of the Dungeon.
             The game lasted 00:01:37 (2256 turns).

holysushi the Changeling (Octopode Shapeshifter)    Turns: 2256, Time: 00:01:38

HP:   -1/6 (43)     AC: 22    Str: 14    XL:     4   Next: 96%
MP:   4/4           EV:  2    Int: 10    God:
Gold: 180           SH:  0    Dex: 14    Spells: 3/3 levels left

rFire   . .          .
                       - Unarmed
rCold   . . .        (no shield)
rNeg    . . .        (helmet currently unavailable)
rPois   +            (no amulet)
rElec   .            (no ring)
rCorr   .            (no ring)
SInv    .            (no ring)
Will    .....        (no ring)
Stlth   +            (no ring)
HPRegen 0.21/turn    (no ring)
MPRegen 0.09/turn    (no ring)
                     (no ring)

%: no passive effects
@: tree-form, extremely drained
A: stationary, stasis, torment immunity, boosted hp, almost no armour,
(amphibious), 8 rings, (camouflage 1), (gelatinous body 1), (nimble swimmer 1),
(tentacles)
a: no special abilities


You were on level 3 of the Dungeon.
You were a tree.
You visited 1 branch of the dungeon, and saw 3 of its levels.

You collected 180 gold pieces.

Inventory:

Talismans
 b - a beast talisman
Scrolls
 c - a scroll of revelation {unknown}
 d - a scroll of blinking {unknown}
 f - a scroll of identify {unknown}
 g - a scroll of enchant armour {unknown}
 h - a scroll of amnesia {unknown}
 i - a scroll of immolation {unknown}
Potions
 e - a potion of curing {unknown}
 j - a potion of ambrosia {unknown}


   Skills:
 - Level 2.0 Fighting
 - Level 3.0 Dodging
 + Level 3.4 Unarmed Combat
 + Level 3.7 Shapeshifting


You had 3 spell levels left.
You didn't know any spells.
Your spell library contained the following spells:

 Spells                   Type           Power      Damage    Failure   Level
 Poisonous Vapours        Pois/Air       0%         N/A       50%         2
 Mephitic Cloud           Conj/Pois/Air  0%         N/A       75%         3
 Freezing Cloud           Conj/Ice/Air   0%         6-21      100%        5


Dungeon Overview and Level Annotations

Branches:
Dungeon (3/15) Zot: 15751

Altars:


Innate Abilities, Weirdness & Mutations

You are a tree.
Your roots penetrate the ground, keeping you stationary.
You cannot be teleported.
You are immune to unholy pain and torment.
Your maximum health is greatly increased.
You cannot wear most types of armour.
((You are amphibious.))
You can wear up to eight rings at the same time.
((Your skin changes colour to match your surroundings (Stealth+).))
((Your rubbery body absorbs attacks. (AC +1, EV +1)))
((You are camouflaged when in or above water. (Stealth+)))
((You have tentacles for arms and can constrict up to eight enemies at once.))


Message History

The orc hits you but does no damage.
You feel drained.
You attack the rock wall.
You hear some strange, mumbled words.
A magic dart appears from out of thin air!
The magic dart hits you but does no damage.
The orc hits you but does no damage.
You feel drained.
The ufetubus hits you but does no damage.
The ufetubus barely misses you.
You swing at nothing.
Something hits you but does no damage. The orc barely misses you.
The ufetubus hits you but does no damage.
The ufetubus hits you.
You hit the orc but do no damage.
The ufetubus hits you but does no damage. x2
Something hits you but does no damage.
The orc hits you with a +2 flail of draining.
You feel drained.
The ufetubus hits you but does no damage. x2
You attack the rock wall.
You hear some strange, mumbled words.
A puff of flame appears from out of thin air!
The puff of flame hits you but does no damage.
The orc hits you but does no damage.
You feel drained.
The ufetubus hits you but does no damage.
The ufetubus hits you.
* * * LOW HITPOINT WARNING * * *
You attack the rock wall.
The ufetubus hits you but does no damage. x2
Something hits you but does no damage. The orc hits you but does no damage.
You feel drained.
You cannot move. (Use ctrl+direction or * direction to attack while stationary and confused.)
You cannot move. (Use ctrl+direction or * direction to attack while stationary and confused.)
You cannot move. (Use ctrl+direction or * direction to attack while stationary and confused.)
You cannot move. (Use ctrl+direction or * direction to attack while stationary and confused.)
You swing at nothing.
You feel less confused.
The ufetubus hits you but does no damage. x2
Something hits you.
Ouch! That really hurt!
You die...

.#####.#...........#<..
........####..######†##
.....#..# #..#...##.##
.###.#..# #......#....
.###.#..####......#..##
...................†...
..##.#..#.##........†##
...##.#{................
......5♣)...............
......##o#..#.........##
.####. #.#o.#....###....
# #.#o.#.#.........
#.#..# #..###.... #.#..#
#.... #.#..# #....
#.#..# .###.... ......
........


You could see an orc and an ufetubus.

Vanquished Creatures
  An orc wizard (D:3)
  2 adders
  5 worms
  A dart slug (D:2)
  An orc (D:3)
  11 ball pythons
  2 endoplasms
  5 goblins
  5 hobgoblins
  4 jackals (D:1)
  5 kobolds
  A quokka (D:2)
  3 bats
  2 frilled lizards
  4 rats
52 creatures vanquished.

Notes
Turn   | Place    | Note
-------+----------+-------------------------------------------
     0 | D:1      | holysushi the Octopode Shapeshifter began the quest for the
                  | Orb.
     0 | D:1      | Reached XP level 1. HP: 14/14 MP: 1/1
    49 | D:1      | Reached XP level 2. HP: 10/19 MP: 2/2
   880 | D:2      | Reached XP level 3. HP: 19/24 MP: 3/3
  1558 | D:2      | Reached XP level 4. HP: 29/29 MP: 4/4
  2256 | D:3      | Slain by an orc wizard

Illustrated notes

Levels and vault maps discovered:
D:1:      psy_arrival_fountain, layout_basic, kennysheep_small_spiral
D:2:      minmay_evil_eye, layout_basic, minmay_misc_feat_rugged, minivault_23
D:3:      layout_basic, nicolae_the_louvre

Skill      XL: |  1  2  3  4 |
---------------+-------------+-----
Dodging        | 3 |  3.0
Unarmed Combat | 3 |  3.4
Fighting       | |  2.0
Shapeshifting  | |  3.7

Action                     |  1- 3 |  4- 6 || total
---------------------------+-------+-------++-------
  Melee: Unarmed           |    65 |    50 ||   115
         Constrict         |    21 |     7 ||    28
         Tentacles         |    15 |     6 ||    21
         Punch             |     1 |       ||     1
    Use: Potion            |       |     1 ||     1
   Stab: Sleeping          |     5 |     5 ||    10
         Distracted        |     1 |       ||     1
 Armour: Skin              |     5 |    48 ||    53
  Dodge: Dodged            |    26 |    17 ||    43

Table legend: (Time is in decaauts)
 A = Elapsed time spent in this place.
 B = Non-inter-level travel time spent in this place.
 C = Inter-level travel time spent in this place.
 D = Time resting spent in this place.
 E = Time spent auto-exploring this place.
 F = Levels seen in this place.
 G = Mean time per level.
                   A        B        C        D        E       F      G
               +--------+--------+--------+--------+--------+-----+--------+
         Total |   2247 |   2196 |     51 |    114 |   1754 |   3 |  749.0 |
       Dungeon |   2247 |   2196 |     51 |    114 |   1754 |   3 |  749.0 |
               +--------+--------+--------+--------+--------+-----+--------+

Top non-repeatable levels by time:
     D:2: 1200 daAuts
     D:1: 859 daAuts
     D:3: 187 daAuts
